 Dungeon Crawl Stone Soup version 0.31-a0-133-gaae73658be (webtiles) character file.

Game seed: 11974847292158483566

0 qw the Severer (level 1, 35/35 HPs) *WIZ*
             Began as a Gargoyle Fighter on Oct 15, 2022.
             Quit the game on level 3 of the Dungeon on June 2, 2023.
             The game lasted 00:07:33 (1783 turns).

qw the Severer (Gargoyle Fighter)                   Turns: 1783, Time: 00:07:34

Health: 35/35      AC: 20    Str: 21    XL:     1   Next: 0%
Magic:  21/21      EV: 14    Int:  9    God:    No God 0 (0)
Gold:   163        SH:  8    Dex:  9    Spells: 40/40 levels left

rFire   + + .        Y - +0 war axe
rCold   + . .        c - +0 buckler
rNeg    + . .        k - +1 chain mail {Will+}
rPois   ∞            (no helmet)
rElec   +            (no cloak)
rCorr   .            (no gloves)
SInv    .            i - +0 pair of boots "Tifud" {rF++ rC+ Regen+}
Will    +....        (no amulet)
Stlth   ++++         (no ring)
HPRegen 1.05/turn    (no ring)
MPRegen 0.17/turn

%: no passive effects
@: flying
A: sickness immunity, AC +2, big wings, negative energy resistance 1,
electricity resistance, torment resistance 1, petrification resistance
a: Build terrain, Set terrain to build, Clear terrain to floor


You were on level 3 of the Dungeon.
You visited 1 branch of the dungeon, and saw 3 of its levels.

You collected 198 gold pieces.
You spent 35 gold pieces at shops.

Inventory:

Hand Weapons
 Y - a +0 war axe (weapon)
Missiles
 q - 6 javelins (quivered)
Armour
 c - a +0 buckler (worn)
 i - the +0 pair of boots "Tifud" (worn) {rF++ rC+ Regen+}
   (You found it on level 2 of the Dungeon)

   rF:        It greatly protects you from fire.
   rC:        It protects you from cold.
   Regen:     It increases your rate of health regeneration.
 k - a +1 chain mail of willpower (worn)
 o - a +0 kite shield
Jewellery
 e - a ring of ice
 g - an amulet of reflection
Scrolls
 f - a scroll of identify
 l - 3 scrolls of teleportation {unknown}
 m - a scroll of poison {unknown}
 p - 2 scrolls of fog {unknown}
Potions
 a - a potion of cancellation {unknown}
 d - a potion of might
 h - 3 potions of attraction {unknown}
 j - 2 potions of heal wounds {unknown}
 n - a potion of curing {unknown}
 r - a potion of enlightenment {unknown}
 s - a potion of brilliance {unknown}


   Skills:
 + Level 20.0 Fighting
 - Level 20.0(23.1) Short Blades
 - Level 20.0(23.1) Long Blades
 - Level 20.0(25.4) Axes
 - Level 20.0(26.3) Maces & Flails
 - Level 20.0(25.4) Polearms
 - Level 20.0(26.3) Staves
 - Level 20.0 Ranged Weapons
 - Level 20.0 Throwing
 - Level 20.0 Armour
 - Level 20.0 Dodging
 - Level 20.0 Stealth
 - Level 20.0 Shields
 - Level 20.0 Unarmed Combat
 - Level 20.0 Spellcasting
 - Level 20.0 Conjurations
 - Level 20.0 Hexes
 - Level 20.0 Summonings
 - Level 20.0 Necromancy
 - Level 20.0 Translocations
 - Level 20.0 Transmutations
 - Level 20.0 Fire Magic
 - Level 20.0 Ice Magic
 - Level 20.0 Air Magic
 - Level 20.0 Earth Magic
 - Level 20.0 Poison Magic
 - Level 20.0 Invocations
 - Level 20.0 Evocations


You had 40 spell levels left.
You didn't know any spells.
Your spell library was empty.

Dungeon Overview and Level Annotations

Branches:
Dungeon (3/15) Zot: 26995

Altars:

Shops:
D:2 ([[*


Innate Abilities, Weirdness & Mutations

You are immune to sickness and miasma.
Your stone body is resilient. (AC +2)
You are immune to poison.
Your large and strong wings let you fly.
You resist negative energy. (rN+)
You are resistant to electric shocks. (rElec)
You are resistant to unholy torment.
You are immune to petrification.


Message History

No command named ''' Welcome back, qw the Gargoyle Fighter.
Press ? for a list of commands and other information.
Saving game... please wait.
You become an iguana!
No command named ''' Welcome back, qw the Gargoyle Fighter.
Press ? for a list of commands and other information.
You don't know any spells.
(D) Dungeon
Where to? (* - list waypoints, ? - help)
There is a stone staircase leading down here.
You fly downwards.
There is a stone staircase leading up here.
Saving game... please wait.
You become an iguana!
No command named ''' Welcome back, qw the Gargoyle Fighter.
Press ? for a list of commands and other information.
You don't know any spells.
(D) Dungeon
Where to? (* - list waypoints, ? - help) Sorry, I don't know how to get there.
Saving game... please wait.
You become an iguana!
No command named ''' Welcome back, qw the Gargoyle Fighter.
Press ? for a list of commands and other information.
Saving game... please wait.
You become an iguana!
No command named ''' Welcome back, qw the Gargoyle Fighter.
Press ? for a list of commands and other information.
You don't know any spells.
(D) Dungeon
Where to? (* - list waypoints, ? - help) Sorry, I don't know how to get there.
Disabling RandomTiles.
Enabling RandomTiles.
You become an iguana!
Are you sure you want to abandon this character and quit the game? (Confirm with "yes".)

..# #.#
####.#####
###........#
...........#
#........#
#........#
#.....@..#
#..<.....#
##########


There were no monsters in sight!

Vanquished Creatures
  4 adders (D:2)
  7 bats
  2 endoplasms
  A giant cockroach (D:1)
  5 goblins
  3 hobgoblins
  5 quokkas
  6 ball pythons
  2 frilled lizards
  5 kobolds
  4 rats
44 creatures vanquished.

Notes
Turn   | Place    | Note
-------+----------+-------------------------------------------
     0 | D:1      | qw the Gargoyle Fighter began the quest for the Orb.
     0 | D:1      | Reached XP level 1. HP: 14/14 MP: 1/1
     0 | D:1      | 0 ||| qw: Version: 0.2-a-19-gadd0ef8
     0 | D:1      | 0 ||| qw: Game counter: 15
     0 | D:1      | 0 ||| qw: Always use a shield: true
     0 | D:1      | 0 ||| qw: God list: Okawaru
     0 | D:1      | 0 ||| qw: Allow faded altars: false
     0 | D:1      | 0 ||| qw: Do Orc after D:15 true
     0 | D:1      | 0 ||| qw: Do second Lair branch before Depths: true
     0 | D:1      | 0 ||| qw: Lair rune preference: random
     0 | D:1      | 0 ||| qw: Plans: Normal, Zot:1-4, God:TSO, Crypt, Tomb,
                  | Pan, Slime:5, Hells, Abyss, Orb
     0 | D:1      | 0 ||| PLANNING D:1-11
   117 | D:1      | Reached XP level 2. HP: 19/19 MP: 2/2
   766 | D:1      | You fall into a shaft and drop 1 floor!
   779 | D:2      | Reached XP level 3. HP: 23/23 MP: 3/3
   834 | D:2      | Found Vosi's Antique Armour Boutique.
   855 | D:2      | 855 ||| SHOPLISTING faintly humming ring mail (207 gold,
                  | have 69).
   855 | D:2      | 855 ||| SHOPLISTING pair of gloves (103 gold, have 69).
   855 | D:2      | 855 ||| SHOPLISTING pair of glowing boots (172 gold, have
                  | 69).
   855 | D:2      | 855 ||| READING scroll labelled XUDE ZASIL.
   856 | D:2      | 856 ||| READING scroll labelled XUNOHETUOT.
   857 | D:2      | 857 ||| READING scroll labelled ISCHEY YJYTUU.
   861 | D:2      | 861 ||| Stepping ~*~*~tactically~*~*~ (stealth).
   869 | D:2      | 869 ||| Stepping ~*~*~tactically~*~*~ (stealth).
  1149 | D:1      | 1149 ||| READING scroll labelled KEHUSO EKOGU.
  1206 | D:2      | 1206 ||| Stepping ~*~*~tactically~*~*~ (stealth).
  1215 | D:2      | Reached XP level 4. HP: 28/28 MP: 4/4
  1233 | D:2      | Upgraded the game from 0.30-a0-272-gf98c3da03f to
                  | 0.30-a0-304-gdc4b735fe1
  1233 | D:2      | 1233 ||| PLANNING D:1-11
  1233 | D:2      | Upgraded the game from 0.30-a0-304-gdc4b735fe1 to
                  | 0.30-a0-371-gad7725a93e
  1233 | D:2      | 1233 ||| PLANNING D:1-11
  1242 | D:2      | Found Hokixzoi's Weapon Shop.
  1253 | D:2      | 1253 ||| BUYING +0 flail (35 gold).
  1253 | D:2      | Bought a +0 flail for 35 gold pieces
  1253 | D:2      | 1253 ||| DROPPING +0 club.
  1354 | D:2      | Identified the +0 pair of boots "Tifud" {rF++ rC+ Regen+}
  1377 | D:2      | 1377 ||| PLANNING D:1-11
  1377 | D:2      | Upgraded the game from 0.30-a0-371-gad7725a93e to
                  | 0.30-a0-576-g89cddaab80
  1377 | D:2      | 1377 ||| PLANNING D:1-11
  1377 | D:2      | 1377 ||| PLANNING D:1-11
  1377 | D:2      | 1377 ||| PLANNING D:1-11
  1377 | D:2      | Entered wizard mode.
  1377 | D:2      | Found Wiur's Antique Armour Shoppe.
  1377 | D:2      | Found Anes's Assorted Antiques.
  1412 | D:2      | Found the +2 Maxwell's thermic engine {flame, freeze}
  1413 | D:2      | Reached XP level 5. HP: 32/32 MP: 5/5
  1413 | D:2      | Reached XP level 6. HP: 37/37 MP: 6/6
  1413 | D:2      | Reached XP level 7. HP: 41/41 MP: 7/7
  1413 | D:2      | Reached XP level 8. HP: 46/46 MP: 8/8
  1413 | D:2      | Reached XP level 9. HP: 51/51 MP: 9/9
  1413 | D:2      | Reached XP level 10. HP: 56/56 MP: 10/10
  1413 | D:2      | Reached XP level 11. HP: 60/60 MP: 11/11
  1413 | D:2      | Reached XP level 12. HP: 64/64 MP: 12/12
  1413 | D:2      | Reached XP level 13. HP: 68/68 MP: 13/13
  1413 | D:2      | Gained mutation: Your large and strong wings let you fly.
                  | [Gargoyle growth]
  1413 | D:2      | Reached XP level 14. HP: 74/74 MP: 14/14
  1413 | D:2      | Reached XP level 15. HP: 78/78 MP: 15/15
  1413 | D:2      | Reached XP level 16. HP: 83/83 MP: 16/16
  1413 | D:2      | Reached XP level 17. HP: 87/87 MP: 17/17
  1413 | D:2      | Reached XP level 18. HP: 92/92 MP: 18/18
  1413 | D:2      | Reached XP level 19. HP: 96/96 MP: 19/19
  1413 | D:2      | Reached XP level 20. HP: 101/101 MP: 20/20
  1413 | D:2      | Reached XP level 21. HP: 105/105 MP: 21/21
  1413 | D:2      | Reached XP level 22. HP: 111/111 MP: 22/22
  1413 | D:2      | Reached XP level 23. HP: 115/115 MP: 23/23
  1413 | D:2      | Reached XP level 24. HP: 120/120 MP: 23/23
  1413 | D:2      | Reached XP level 25. HP: 124/124 MP: 23/23
  1413 | D:2      | Reached XP level 26. HP: 128/128 MP: 23/23
  1413 | D:2      | Reached XP level 27. HP: 133/133 MP: 23/23
  1414 | D:2      | 1414 ||| DROPPING +0 flail.
  1417 | D:2      | 1417 ||| PLANNING D:1-11
  1505 | D:2      | 1505 ||| FLEEEEING.
  1507 | D:2      | 1507 ||| FLEEEEING.
  1509 | D:2      | 1509 ||| FLEEEEING.
  1510 | D:2      | 1510 ||| FLEEEEING.
  1511 | D:2      | 1511 ||| FLEEEEING.
  1512 | D:2      | 1512 ||| FLEEEEING.
  1741 | D:2      | 1741 ||| UPGRADING to +0 pair of boots "Tifud" {rF++ rC+
                  | Regen+}.
  1746 | D:2      | 1746 ||| UPGRADING to +1 chain mail of willpower.
  1756 | D:2      | 1756 ||| DROPPING +0 scale mail.
  1757 | D:2      | 1757 ||| PLANNING D:1-11
  1757 | D:2      | Upgraded the game from 0.30-a0-576-g89cddaab80 to
                  | 0.31-a0-133-gaae73658be
  1757 | D:2      | Reached XP level 26. HP: 179/974 MP: 47/47
  1757 | D:2      | Reached XP level 25. HP: 179/968 MP: 47/47
  1757 | D:2      | Reached XP level 24. HP: 179/963 MP: 47/47
  1757 | D:2      | Reached XP level 23. HP: 179/956 MP: 47/47
  1757 | D:2      | Reached XP level 22. HP: 179/952 MP: 46/46
  1757 | D:2      | Reached XP level 21. HP: 179/946 MP: 45/45
  1757 | D:2      | Reached XP level 20. HP: 179/940 MP: 44/44
  1757 | D:2      | Reached XP level 19. HP: 179/935 MP: 43/43
  1757 | D:2      | Reached XP level 18. HP: 179/929 MP: 42/42
  1757 | D:2      | Reached XP level 17. HP: 179/924 MP: 41/41
  1757 | D:2      | Reached XP level 16. HP: 179/918 MP: 40/40
  1757 | D:2      | Reached XP level 15. HP: 179/912 MP: 39/39
  1757 | D:2      | Reached XP level 14. HP: 179/908 MP: 38/38
  1757 | D:2      | Reached XP level 13. HP: 179/901 MP: 37/37
  1757 | D:2      | Reached XP level 12. HP: 179/896 MP: 36/36
  1757 | D:2      | Reached XP level 11. HP: 179/890 MP: 35/35
  1757 | D:2      | Reached XP level 10. HP: 179/885 MP: 34/34
  1757 | D:2      | Reached XP level 9. HP: 179/879 MP: 33/33
  1757 | D:2      | Reached XP level 8. HP: 179/874 MP: 32/32
  1757 | D:2      | Reached XP level 7. HP: 179/868 MP: 30/30
  1757 | D:2      | Reached XP level 6. HP: 179/863 MP: 29/29
  1757 | D:2      | Reached XP level 5. HP: 179/857 MP: 27/27
  1757 | D:2      | Reached XP level 4. HP: 179/852 MP: 26/26
  1757 | D:2      | Reached XP level 3. HP: 179/846 MP: 24/24
  1757 | D:2      | Reached XP level 2. HP: 179/840 MP: 23/23
  1757 | D:2      | Reached XP level 1. HP: 179/835 MP: 21/21
  1783 | D:3      | Quit the game

Illustrated notes

Levels and vault maps discovered: [+gen,+vis] D:1: dpeg_arrival_rhombi, layout_basic [+gen,+vis] D:2: layout_basic, serial_shops, nicolae_lakefront_shop, shop, nicolae_shop_stone, nicolae_shop_crystal, layout_rooms, minmay_protected_statue [+gen,+vis] D:3: layout_rooms, lemuel_tele_altar, serial_shops, nicolae_shop_drivethru, eino_tiny_chamber, st_stairs_5, nicolae_elevator_lobby_plus [+gen,-vis] D:4 [+gen,-vis] D:5 [+gen,-vis] D:6 [+gen,-vis] D:7 [+gen,-vis] D:8 [+gen,-vis] D:9 [+gen,-vis] D:10 [+gen,-vis] D:11 [+gen,-vis] D:12 [+gen,-vis] D:13 [+gen,-vis] D:14 [+gen,-vis] D:15 [+gen,-vis] Temple: nicolae_temple_ecumenical_triangle [+gen,-vis] Lair:1 [+gen,-vis] Lair:2 [+gen,-vis] Lair:3 [+gen,-vis] Lair:4 [+gen,-vis] Lair:5 [+gen,-vis] Swamp:1 [+gen,-vis] Swamp:2 [+gen,-vis] Swamp:3 [+gen,-vis] Swamp:4 [+gen,-vis] Shoals:1 [+gen,-vis] Shoals:2 [+gen,-vis] Shoals:3 [+gen,-vis] Shoals:4 [+gen,-vis] Snake:1 [+gen,-vis] Snake:2 [+gen,-vis] Snake:3 [+gen,-vis] Snake:4 [+gen,-vis] Spider:1 [+gen,-vis] Spider:2 [+gen,-vis] Spider:3 [+gen,-vis] Spider:4 [+gen,-vis] Slime:1 [+gen,-vis] Slime:2 [+gen,-vis] Slime:3 [+gen,-vis] Slime:4 [+gen,-vis] Slime:5 [+gen,-vis] Orc:1 [+gen,-vis] Orc:2 [+gen,-vis] Elf:1 [+gen,-vis] Elf:2 [+gen,-vis] Elf:3 [+gen,-vis] Vaults:1 [+gen,-vis] Vaults:2 [+gen,-vis] Vaults:3 [+gen,-vis] Vaults:4 [+gen,-vis] Vaults:5 [+gen,-vis] Crypt:1 [+gen,-vis] Crypt:2 [+gen,-vis] Crypt:3 [+gen,-vis] Tomb:1 [+gen,-vis] Tomb:2 [+gen,-vis] Tomb:3 [+gen,-vis] Depths:1 [+gen,-vis] Depths:2 [+gen,-vis] Depths:3 [+gen,-vis] Depths:4 [+gen,-vis] Hell [+gen,-vis] Dis:1 [+gen,-vis] Dis:2 [+gen,-vis] Dis:3 [+gen,-vis] Dis:4 [+gen,-vis] Dis:5 [+gen,-vis] Dis:6 [+gen,-vis] Dis:7 [+gen,-vis] Geh:1 [+gen,-vis] Geh:2 [+gen,-vis] Geh:3 [+gen,-vis] Geh:4 [+gen,-vis] Geh:5 [+gen,-vis] Geh:6 [+gen,-vis] Geh:7 [+gen,-vis] Coc:1 [+gen,-vis] Coc:2 [+gen,-vis] Coc:3 [+gen,-vis] Coc:4 [+gen,-vis] Coc:5 [+gen,-vis] Coc:6 [+gen,-vis] Coc:7 [+gen,-vis] Tar:1 [+gen,-vis] Tar:2 [+gen,-vis] Tar:3 [+gen,-vis] Tar:4 [+gen,-vis] Tar:5 [+gen,-vis] Tar:6 [+gen,-vis] Tar:7 [+gen,-vis] Zot:1 [+gen,-vis] Zot:2 [+gen,-vis] Zot:3 [+gen,-vis] Zot:4 [+gen,-vis] Zot:5 [+gen,-vis] Abyss:1 [+gen,-vis] Abyss:2 [+gen,-vis] Abyss:3 [+gen,-vis] Abyss:4 [+gen,-vis] Abyss:5 [+gen,-vis] Abyss:6 [+gen,-vis] Abyss:7 [+gen,-vis] Pan [+gen,-vis] Zig:1 [+gen,-vis] Zig:2 [+gen,-vis] Zig:3 [+gen,-vis] Zig:4 [+gen,-vis] Zig:5 [+gen,-vis] Zig:6 [+gen,-vis] Zig:7 [+gen,-vis] Zig:8 [+gen,-vis] Zig:9 [+gen,-vis] Zig:10 [+gen,-vis] Zig:11 [+gen,-vis] Zig:12 [+gen,-vis] Zig:13 [+gen,-vis] Zig:14 [+gen,-vis] Zig:15 [+gen,-vis] Zig:16 [+gen,-vis] Zig:17 [+gen,-vis] Zig:18 [+gen,-vis] Zig:19 [+gen,-vis] Zig:20 [+gen,-vis] Zig:21 [+gen,-vis] Zig:22 [+gen,-vis] Zig:23 [+gen,-vis] Zig:24 [+gen,-vis] Zig:25 [+gen,-vis] Zig:26 [+gen,-vis] Zig:27 [+gen,-vis] Bazaar [+gen,-vis] Trove [+gen,-vis] Sewer [+gen,-vis] Ossuary [+gen,-vis] Bailey [+gen,-vis] IceCv [+gen,-vis] Volcano [+gen,-vis] WizLab [+gen,-vis] Desolation [+gen,-vis] Gauntlet [+gen,-vis] Arena

Skill      XL: |  1  2  3  4 |
---------------+-------------+-----
Axes           | 2 3 4 | 20.0
Fighting       | | 20.0
Short Blades   | | 20.0
Long Blades    | | 20.0
Maces & Flails | | 20.0
Polearms       | | 20.0
Staves         | | 20.0
Ranged Weapons | | 20.0
Throwing       | | 20.0
Armour         | | 20.0
Dodging        | | 20.0
Stealth        | | 20.0
Shields        | | 20.0
Unarmed Combat | | 20.0
Spellcasting   | | 20.0
Conjurations   | | 20.0
Hexes          | | 20.0
Summonings     | | 20.0
Necromancy     | | 20.0
Translocations | | 20.0
Transmutations | | 20.0
Fire Magic     | | 20.0
Ice Magic      | | 20.0
Air Magic      | | 20.0
Earth Magic    | | 20.0
Poison Magic   | | 20.0
Invocations    | | 20.0
Evocations     | | 20.0

Action                     |  1- 3 |  4- 6 |  7- 9 | 10-12 | 13-15 | 16-18 | 19-21 | 22-24 | 25-27 || total
---------------------------+-------+-------+-------+-------+-------+-------+-------+-------+-------++-------
  Melee: War axe           |    94 |    30 |       |       |       |       |       |       |    66 ||   190
    Use: Scroll            |     4 |       |       |       |       |       |       |       |       ||     4
   Stab: Distracted        |       |       |       |       |       |       |       |       |     1 ||     1
 Armour: Scale mail        |    43 |    16 |       |       |       |       |       |       |    32 ||    91
  Dodge: Dodged            |    64 |     9 |       |       |       |       |       |       |    50 ||   123
  Block: Buckler           |    20 |     3 |       |       |       |       |       |       |    26 ||    49

Table legend: (Time is in decaauts)
 A = Elapsed time spent in this place.
 B = Non-inter-level travel time spent in this place.
 C = Inter-level travel time spent in this place.
 D = Time resting spent in this place.
 E = Time spent auto-exploring this place.
 F = Levels seen in this place.
 G = Mean time per level.
                   A        B        C        D        E       F      G
               +--------+--------+--------+--------+--------+-----+--------+
         Total |   1811 |   1732 |     79 |     64 |   1190 |   4 |  452.8 |
       Dungeon |   1811 |   1732 |     79 |     64 |   1190 |   3 |  603.7 |
               +--------+--------+--------+--------+--------+-----+--------+

Top non-repeatable levels by time:
     D:1: 1075 daAuts
     D:2: 730 daAuts
     D:3: 4 daAuts
